 Dungeon Crawl Stone Soup version 0.28.0-53-g5a82cb258f (webtiles) character file.

Game seed: 10864377468454636389

848 Tirrikindir the Slasher (level 8, -6/54 HPs)
             Began as an Octopode Fighter on Aug 12, 2022.
             Was an Initiate of Cheibriados.
             Mangled by a gnoll
             ... wielding a +0 club
              (9 damage)
             ... on level 5 of the Dungeon.
             The game lasted 00:10:45 (4096 turns).

Tirrikindir the Slasher (Octopode Fighter)          Turns: 4096, Time: 00:10:45

Health: -6/54      AC:  1    Str: 16    XL:     8   Next: 1%
Magic:  8/8        EV: 14    Int: 12    God:    Cheibriados [......]
Gold:   93         SH:  5    Dex: 14    Spells: 7/7 levels left

rFire   . . .      SeeInvis .   a - +1 long sword
rCold   . . .      Faith    .   b - +0 buckler
rNeg    . . .      Spirit   .   (helmet restricted)
rPois   .          Reflect  .   (no amulet)
rElec   .          Harm     .   (no ring)
rCorr   .          Rampage  .   (no ring)
Will    .....                   (no ring)
Stlth   ++++......              (no ring)
HPRegen 0.18/turn               (no ring)
MPRegen 0.11/turn               (no ring)
                                (no ring)
                                (no ring)

@: very slow
A: almost no armour, amphibious, 8 rings, camouflage 1, gelatinous body 1,
(nimble swimmer 1), tentacles, subdued magic 1
a: Renounce Religion


You were on level 5 of the Dungeon.
You worshipped Cheibriados.
Cheibriados was noncommittal.
You visited 1 branch of the dungeon, and saw 5 of its levels.

You collected 177 gold pieces.
You spent 84 gold pieces at shops.

Inventory:

Hand Weapons
 a - a +1 long sword (weapon)
Missiles
 g - 2 boomerangs (quivered)
 l - 4 poisoned darts
Armour
 b - a +0 buckler (worn)
Jewellery
 n - a ring of fire
Scrolls
 c - a scroll of vulnerability {unknown}
 d - a scroll of holy word {unknown}
 e - 2 scrolls of fog
 f - 2 scrolls of silence
 h - a scroll of summoning {unknown}
 j - a scroll of identify
 o - a scroll of amnesia {unknown}
 p - a scroll of blinking {unknown}
Potions
 m - a potion of flight {unknown}
 q - a potion of brilliance {unknown}
 r - a potion of magic {unknown}
 s - a potion of haste {unknown}


   Skills:
 - Level 4.0 Fighting
 * Level 6.1 Long Blades
 + Level 1.1 Throwing
 - Level 4.0 Dodging
 + Level 5.5 Stealth
 - Level 4.0 Shields
 + Level 1.2 Invocations


You had 7 spell levels left.
You didn't know any spells.
Your spell library contained the following spells:

 Spells                   Type           Power      Damage    Failure   Level
 Beastly Appendage        Tmut           0%         N/A       34%         1
 Wereblood                Tmut           0%         N/A       50%         2
 Ozocubu's Armour         Ice            0%         N/A       73%         3
 Spider Form              Tmut/Pois      0%         N/A       73%         3
 Metabolic Englaciation   Hex/Ice        0%         N/A       100%        5
 Simulacrum               Ice/Necr       0%         N/A       100%        6
 Ozocubu's Refrigeration  Ice            0%         4d5       100%        7


Dungeon Overview and Level Annotations

Branches:
Dungeon (5/15)
 Temple: D:4-7

Altars:
Cheibriados
Xom

Shops:
D:2 [   D:3 !(!


Innate Abilities, Weirdness & Mutations

You cannot wear most types of armour.
You are amphibious.
You can wear up to eight rings at the same time.
Your skin changes colour to match your surroundings (Stealth+).
Your rubbery body absorbs attacks. (AC +1, EV +1)
((You are camouflaged when in or above water. (Stealth+)))
You have tentacles for arms and can constrict up to eight enemies at once.
Your spells are a little easier to cast, but a little less powerful.


Message History

Your Throwing skill increases to level 1!
Your Invocations skill increases to level 1!
You hit the gnoll. You grab the gnoll. You squeeze the gnoll.
The gnoll is heavily wounded.
You constrict the gnoll.
The gnoll struggles to escape constriction.
You hit the gnoll.
The gnoll is severely wounded.
You constrict the gnoll.
The gnoll struggles to escape constriction.
You slash the gnoll!
You kill the gnoll!
Cheibriados appreciates the change of pace.
The gnoll barely misses you.
You slash the gnoll! You grab the gnoll.
The gnoll is almost dead.
You constrict the gnoll.
You kill the gnoll!
Cheibriados thoroughly appreciates the change of pace.
The gnoll completely misses you.
You have reached level 8!
You barely miss the gnoll. Your grab misses the gnoll.
Your squeeze misses the gnoll.
The gnoll hits you from afar with a +0 halberd!
* * * LOW HITPOINT WARNING * * *
You block the gnoll's attack. The gnoll misses you.
You barely miss the gnoll. Your grab misses the gnoll.
The gnoll barely misses you. You block the gnoll's attack.
The gnoll hits you with a +0 club.
* * * LOW HITPOINT WARNING * * *
You feel better. The gnoll completely misses you.
The gnoll hits you with a +0 club.
* * * LOW HITPOINT WARNING * * *
The gnoll hits you with a +0 club!
* * * LOW HITPOINT WARNING * * *
The gnoll misses you.
It was a potion of mutation.
You feel extremely strange.
Your connection to magic feels subdued.
The gnoll hits you with a +0 club!
You die...

#######)# ###
........###.#
....#.......+ ..# #
+.......# ...#
#.......# ...
##.###..# #.####
######g.####....#
<.......g.#.)..#
.........@#....#
..........'....#
..........#....##
#..#####+###.†..#
### #..##.#### .#
#......# .+
#......# ..
#......# .
#.##..#######.#####


You could see 2 gnolls.

Vanquished Creatures
  A black bear (D:5)
  An ogre (D:4)
  A necrophage (D:4)
  A phantom (D:4)
  A scorpion (D:5)
  4 crimson imps (D:3)
  A hound (D:4)
  An orc wizard (D:4)
  3 adders
  10 gnolls
  2 ufetubi (D:4)
  An adder skeleton (D:4)
  4 worms
  A dart slug (D:1)
  10 orcs
  9 ball pythons
  10 bats
  6 endoplasms
  7 giant cockroaches
  11 goblins
  4 hobgoblins
  4 quokkas
  3 frilled lizards
  8 kobolds
  6 rats
110 creatures vanquished.

Vanquished Creatures (others)
  4 fungi (D:2)
  10 plants (D:2)
14 creatures vanquished.

Grand Total: 124 creatures vanquished

Notes
Turn   | Place    | Note
-------+----------+-------------------------------------------
     0 | D:1      | Tirrikindir the Octopode Fighter began the quest for the
                  | Orb.
     0 | D:1      | Reached XP level 1. HP: 16/16 MP: 1/1
   244 | D:1      | Reached XP level 2. HP: 20/21 MP: 2/2
   329 | D:1      | Reached skill level 1 in Stealth
   521 | D:1      | Reached XP level 3. HP: 26/26 MP: 3/3
   532 | D:1      | You fall into a shaft and drop 1 floor!
   542 | D:2      | Found Wecimmag's Antique Armour Shop.
  1048 | D:2      | Reached XP level 4. HP: 31/31 MP: 4/4
  1063 | D:2      | Found a faded altar of an unknown god.
  1120 | D:2      | Reached skill level 3 in Long Blades
  1909 | D:3      | Reached XP level 5. HP: 29/36 MP: 5/5
  1951 | D:3      | Found a shimmering altar of Xom.
  1969 | D:3      | Reached XP level 6. HP: 37/43 MP: 6/6
  2231 | D:3      | Found Xaumiow's Distillery.
  2236 | D:3      | Bought a potion of degeneration for 14 gold pieces
  2236 | D:3      | Bought a potion of heal wounds for 70 gold pieces
  2250 | D:3      | Reached skill level 4 in Long Blades
  2425 | D:3      | Found Coisag's Distillery.
  2578 | D:3      | Found Seagol's Weapon Shop.
  2705 | D:4      | Found a snail-covered altar of Cheibriados.
  2743 | D:4      | Noticed a necrophage
  3008 | D:4      | Killed a necrophage
  3009 | D:4      | Reached XP level 7. HP: 21/48 MP: 7/7
  3156 | D:4      | Reached skill level 5 in Long Blades
  3531 | D:4      | HP: 2/48 [ogre/+0 giant club (16)]
  3542 | D:4      | Reached skill level 5 in Stealth
  4022 | D:4      | Became a worshipper of Cheibriados the Contemplative
  4038 | D:5      | Entered Level 5 of the Dungeon
  4082 | D:5      | Reached skill level 6 in Long Blades
  4082 | D:5      | Reached skill level 1 in Throwing
  4082 | D:5      | Reached skill level 1 in Invocations
  4086 | D:5      | Reached XP level 8. HP: 29/54 MP: 8/8
  4096 | D:5      | Gained mutation: Your spells are a little easier to cast,
                  | but a little less powerful. [potion of mutation]
  4096 | D:5      | Mangled by a gnoll

Illustrated notes

Levels and vault maps discovered:
D:1:      moated_graveyard_arrival, layout_loops_ring, columned_hall_lemuel
D:2:      cheibrodos_old_hovel, layout_loops_ring,
          shapermc_ecumenical_altar_ellora, serial_shops, nicolae_lakefront_shop
D:3:      layout_basic, led_xom_imps, serial_shops, shop,
          nicolae_shop_bloodbath_and_beyond, nicolae_shop_stone
D:4:      layout_rooms, cheibriados_altar_1, serial_corexii_hall,
          chequers_hall_statues_wall_a, corexii_hall_statues_l,
          corexii_hall_statues_i, chequers_hall_statues_y
D:5:      layout_gridville, minmay_temple_entry_ruins

Skill      XL: |  1  2  3  4  5  6  7 |
---------------+----------------------+-----
Stealth        | 1 2 3 4 5 |  5.5
Long Blades    | 3 4 6 |  6.1
Fighting       | 4 |  4.0
Dodging        | 4 |  4.0
Shields        | 4 |  4.0
Throwing       | 1 |  1.1
Invocations    | 1 |  1.2

Action                   |  1- 3 |  4- 6 |  7- 9 || total
-------------------------+-------+-------+-------++-------
Melee: Long sword        |    66 |   111 |    45 ||   222
       Constrict         |    21 |    33 |    11 ||    65
       Tentacles         |     9 |    18 |     8 ||    35
       Punch             |     1 |     1 |     2 ||     4
Throw: Boomerang         |       |     3 |     1 ||     4
       Dart              |       |     2 |       ||     2
  Use: Scroll            |     5 |     1 |       ||     6
       Potion            |       |     2 |     4 ||     6
 Stab: Sleeping          |    12 |     9 |     4 ||    25
       Distracted        |       |     2 |       ||     2
Armor: Skin              |     4 |     3 |       ||     7
Dodge: Dodged            |    34 |    67 |    33 ||   134
Block: Buckler           |     8 |    23 |    10 ||    41
